 Dungeon Crawl Stone Soup version 0.21.0-25-ge575cb9 (webtiles) character file.

6234 L29Ah the Thrower (level 10, -1/98 HPs)
             Began as a Troll Berserker on Jan 26, 2018.
             Was an Elder of Trog.
             Slain by a polar bear (3 damage)
             ... on level 1 of the Lair of Beasts.
             The game lasted 00:55:04 (7600 turns).

L29Ah the Thrower (Troll Berserker)                 Turns: 7600, Time: 00:55:05

Health: -1/98      AC:  0    Str: 28    XL:     10   Next: 62%
Magic:  9/9        EV: 12    Int:  3    God:    Trog [****..]
Gold:   528        SH:  0    Dex: 11    Spells: 9/9 levels left

rFire    . . .     SeeInvis .   r - +2 mace (distort)
rCold    . . .     Gourm    +   (no shield)
rNeg     . . .     Faith    .   a - +0 animal skin
rPois    .         Spirit   .   I - +2 hat
rElec    .         Reflect  .   X - +0 cloak
rCorr    .         Harm     .   (gloves unavailable)
MR       ++...                  (boots unavailable)
Stlth    ++........             (no amulet)
HPRegen  1.66/turn              (no ring)
MPRegen  0.11/turn              (no ring)

@: corroded, regenerating
A: large, unfitting armour, claws 3, fast metabolism 3, gourmand, regeneration
1, shaggy fur 1, tough skin 2
a: Berserk, Trog's Hand, Brothers in Arms, Burn Spellbooks, Renounce Religion


You were on level 1 of the Lair of Beasts.
You worshipped Trog.
Trog was greatly pleased with you.
You were not hungry.

You visited 3 branches of the dungeon, and saw 10 of its levels.
You also visited: Sewer.

You collected 528 gold pieces.

Inventory:

Hand Weapons
 g - a +0 spear
 i - a +0 hand axe
 n - a +0 spear
 q - a +0 short sword
 r - a +2 mace of distortion (weapon)
 w - a +0 short sword
 z - a +0 falchion
 D - a +0 hunting sling
 E - a +0 long sword
 F - a +0 halberd
 J - a +0 giant spiked club
 O - a +0 spear of piercing
 P - the +11 hunting sling "Silu" {venom, Dex+4, unknown}
   (You found it on level 6 of the Dungeon)

   It poisons the ammo it fires.
   It affects your dexterity (+4).
 Q - a +0 shortbow
 V - a +0 giant club
 W - a +0 short sword of speed
Missiles
 e - 152 stones (quivered)
 k - 120 sling bullets
 v - 10 poisoned needles
 G - 12 tomahawks
 L - 49 bolts
 N - 3 needles of confusion
 R - 71 arrows
 Y - 8 silver javelins
Armour
 a - a +0 animal skin (worn)
 l - a +0 robe
 I - a +2 hat (worn)
 X - a +0 cloak (worn)
Wands
 d - a wand of clouds (5)
 m - a wand of paralysis (32)
 C - a wand of polymorph (15)
 H - a wand of digging (7)
Scrolls
 c - 2 scrolls of teleportation
 f - 2 scrolls of enchant weapon {unknown}
 h - a scroll of immolation
 t - 2 scrolls of remove curse
 y - 2 scrolls of amnesia
 B - a scroll of magic mapping {unknown}
 K - a scroll of enchant armour {unknown}
 S - a scroll of identify {unknown}
Potions
 j - 3 potions of might {unknown}
 o - 2 potions of berserk rage {unknown}
 p - a potion of haste {unknown}
 s - 4 potions of mutation {unknown}
 u - 2 potions of curing
 x - 2 potions of ambrosia {unknown}
 A - 2 potions of brilliance {unknown}
 M - 3 potions of lignification {unknown}
 T - 3 potions of magic {unknown}
 U - 2 potions of heal wounds {unknown}
Comestibles
 b - 15 rations


   Skills:
 + Level 5.7 Fighting
 + Level 7.5 Maces & Flails
 + Level 8.1 Throwing
 + Level 6.2 Dodging
 + Level 1.7 Stealth
 + Level 5.2 Unarmed Combat


You had 9 spell levels left.
You didn't know any spells.

Dungeon Overview and Level Annotations

Branches:
Dungeon (8/15)             Temple (1/1) D:7            Lair (1/6) D:8

Altars:
Ashenzari
Cheibriados
Dithmenos
Elyvilon
Fedhas
Gozag
Hepliaklqana
Kikubaaqudgha
Makhleb
Nemelex Xobeh
Okawaru
Qazlal
Ru
Sif Muna
Trog
Uskayaw
Vehumet
Wu Jian
Xom
Yredelemnul
Zin
The Shining One

Annotations:
Lair:1 exclusion: 2 oklob plants


Innate Abilities, Weirdness & Mutations

You are too large for most types of armour.
You have claws for hands.
Your metabolism is lightning-fast.
You like to eat raw meat.
Your natural rate of healing is unusually fast.
You are covered in fur. (AC +1)
You have very tough skin. (AC +2)


Message History

You see here a scroll of amnesia.
Okay, then.
Your skin crawls.
You feel resistant to hostile enchantments.
You feel somewhat more hungry.
You see here 20 gold pieces.
You now have 528 gold pieces (gained 20).
The polar bear completely misses you.
The polar bear claws you but does no damage.
The polar bear claws you.
* * * LOW HITPOINT WARNING * * *
The oklob plant spits acid at you. The splash of acid hits you!
* * * LOW HITPOINT WARNING * * *
The acid corrodes you!
You are splashed with acid!
The acid burns!
* * * LOW HITPOINT WARNING * * *
Your skin crawls.
You feel resistant to hostile enchantments.
You feel somewhat more hungry. The polar bear bites you.
You die...

......................#..........
....................(............
...................(.............
.............................##..
......................>.....###..
.............#PPĀ§#...............
.............#P..#...............
.............#P)h#...##..........
..###........#.?@#...####..####..
### #........#####......).## ##. #
###...................# ##
##..................#
#P....########.....# ##....#
#......# ###### ########


You could see 2 oklob plants and a polar bear.

Vanquished Creatures
  A spiny frog (Lair:1)
  A hippogriff (Lair:1)
  Eustachio (D:5)
  A steam dragon (D:7)
  3 water moccasins (Lair:1)
  5 porcupines
  A black bear (D:8)
  An eye of draining (D:8)
  An orc warrior (D:8)
  3 ogres
  A phantom (D:5)
  4 centaurs (D:6)
  9 wolves (Lair:1)
  A crocodile (Lair:1)
  5 big kobolds
  Blork the orc (D:4)
  5 bullfrogs
  5 scorpions
  A jelly (D:6)
  2 howler monkeys
  5 crimson imps
  A centaur skeleton (D:8)
  An orc priest (D:8)
  A bullfrog skeleton (D:7)
  A hound (D:4)
  An iguana (D:8)
  2 worker ants (D:5)
  A hound zombie (D:5)
  11 gnolls
  10 adders
  3 river rats
  A shadow imp (D:5)
  2 oozes (Sewer)
  An adder skeleton (D:6)
  7 worms
  3 dart slugs
  3 leopard geckos
  19 orcs
  3 ball pythons
  5 bats
  6 giant cockroaches
  4 goblins
  2 hobgoblins
  16 kobolds
  2 quokkas
  4 frilled lizards
  A leopard gecko skeleton (D:5)
  13 rats
  2 plants
183 creatures vanquished.

Vanquished Creatures (others)
  A two-headed ogre (D:8)
  A polar bear (Lair:1)
  A hippogriff (Lair:1)
  A steam dragon (D:7)
  A basilisk (Lair:1)
  An orc warrior (D:6)
  A bullfrog (D:5)
  A scorpion (D:8)
  A howler monkey (D:5)
  A bullfrog zombie (D:6)
  A worker ant (D:6)
  3 plants (Lair:1)
14 creatures vanquished.

Grand Total: 197 creatures vanquished

Notes
Turn   | Place    | Note
-------+----------+-------------------------------------------
     0 | D:1      | L29Ah the Troll Berserker began the quest for the Orb.
     0 | D:1      | Reached XP level 1. HP: 22/22 MP: 0/0
   492 | D:1      | Reached XP level 2. HP: 26/29 MP: 1/1
   985 | D:2      | Found a bloodstained altar of Trog.
   985 | D:2      | Found a radiant altar of Vehumet.
   986 | D:2      | Found a sparkling altar of Nemelex Xobeh.
  1031 | D:2      | Reached XP level 3. HP: 36/36 MP: 2/2
  1514 | D:3      | Found a faded altar of an unknown god.
  1526 | D:3      | Reached XP level 4. HP: 41/45 MP: 3/3
  1533 | D:3      | Reached ** piety under Trog
  2115 | D:5      | Entered Level 5 of the Dungeon
  2118 | D:5      | Reached XP level 5. HP: 53/53 MP: 4/4
  2252 | D:5      | Noticed an ogre
  2260 | D:5      | Killed an ogre
  2260 | D:5      | Reached skill level 1 in Throwing
  2260 | D:5      | Reached XP level 6. HP: 46/61 MP: 5/5
  2321 | D:5      | Reached skill level 2 in Throwing
  2321 | D:5      | Reached skill level 5 in Unarmed Combat
  2335 | D:5      | Found an ancient bone altar of Kikubaaqudgha.
  2351 | D:5      | Found a basalt altar of Yredelemnul.
  2355 | D:5      | Noticed Eustachio
  2437 | D:5      | Reached skill level 1 in Maces & Flails
  2646 | D:5      | Reached XP level 7. HP: 67/67 MP: 6/6
  2700 | D:5      | Killed Eustachio
  2700 | D:5      | Reached skill level 3 in Throwing
  2959 | D:4      | Noticed Blork the orc
  2965 | D:4      | Killed Blork the orc
  3041 | D:6      | Found a sparkling altar of Nemelex Xobeh.
  3085 | D:6      | Got an iridescent hunting sling
  3143 | D:6      | Reached XP level 8. HP: 76/78 MP: 7/7
  3395 | D:6      | Reached *** piety under Trog
  3408 | D:6      | Found a glowing drain.
  3433 | Sewer    | Entered a sewer
  3839 | Sewer    | Reached skill level 5 in Dodging
  3929 | Sewer    | Reached skill level 1 in Stealth
  4232 | D:6      | Reached skill level 5 in Maces & Flails
  4232 | D:6      | Reached skill level 4 in Throwing
  4320 | D:6      | Reached XP level 9. HP: 29/85 MP: 8/8
  4367 | D:6      | Reached **** piety under Trog
  4881 | D:6      | Reached skill level 5 in Throwing
  5401 | D:7      | Found a staircase to the Ecumenical Temple.
  5416 | Temple   | Entered the Ecumenical Temple
  6035 | D:8      | Noticed a two-headed ogre
  6140 | D:8      | Received a gift from Trog
  6249 | D:8      | Banished a two-headed ogre
  6249 | D:8      | Reached skill level 5 in Fighting
  6249 | D:8      | Reached skill level 6 in Throwing
  6476 | D:8      | Found a staircase to the Lair.
  6483 | D:8      | Reached XP level 10. HP: 82/96 MP: 9/9
  6492 | Lair:1   | Entered Level 1 of the Lair of Beasts
  6553 | Lair:1   | Noticed a spiny frog
  6569 | Lair:1   | Killed a spiny frog
  6569 | Lair:1   | Reached skill level 7 in Throwing
  6786 | Lair:1   | Received a gift from Trog
  7054 | Lair:1   | Reached skill level 8 in Throwing
  7415 | Lair:1   | Noticed an oklob plant
  7415 | Lair:1   | Noticed an oklob plant
  7599 | Lair:1   | HP: 1/98 [acid (12)]
  7600 | Lair:1   | Slain by a polar bear

Skill      XL: |  1  2  3  4  5  6  7  8  9 10 |
---------------+-------------------------------+-----
Fighting       | 3 4 5 |  5.7
Unarmed Combat | 4 5 |  5.2
Dodging        | 3 4 5 6 |  6.2
Throwing       | 1 2 3 4 6 8 |  8.1
Maces & Flails | 1 3 5 6 7 |  7.5
Stealth        | 1 |  1.7

Action                   |  1- 3 |  4- 6 |  7- 9 | 10-12 || total
-------------------------+-------+-------+-------+-------++-------
Melee: Unarmed           |    98 |    20 |       |       ||   118
       Punch             |     5 |     1 |     7 |       ||    13
       Mace              |       |    81 |   278 |    83 ||   442
Throw: Stone             |    15 |    84 |   288 |   117 ||   504
Invok: Berserk           |       |     1 |     3 |     2 ||     6
       Trog's Hand       |       |       |       |     2 ||     2
  Use: Scroll            |       |       |     4 |       ||     4
 Stab: Sleeping          |       |       |     1 |       ||     1
  Eat: Chunk             |    19 |    12 |    41 |     7 ||    79
Armor: Animal skin       |    14 |    64 |   152 |    31 ||   261
Dodge: Dodged            |    33 |    80 |   230 |    63 ||   406
